 Dungeon Crawl Stone Soup version 0.28-a0-657-g71136c5590 (webtiles) character file.

Game seed: 11819814905473644878

221 siradein the Caller (level 5, -2/38 HPs)
             Began as a Draconian Summoner on Oct 14, 2021.
             Killed from afar by Natasha (9 damage)
             ... with a puff of flame
             ... on level 3 of the Dungeon.
             The game lasted 00:06:30 (2791 turns).

siradein the Caller (Draconian Summoner)            Turns: 2791, Time: 00:06:31

Health: -2/38      AC:  5    Str: 10    XL:     5   Next: 65%
Magic:  7/11       EV: 12    Int: 17    God:
Gold:   112        SH:  5    Dex: 11    Spells: 6/12 levels left

rFire   . . .      SeeInvis +   p - +2 dagger (flame)
rCold   . . .      Faith    .   (no shield)
rNeg    . . .      Spirit   .   (armour unavailable)
rPois   .          Reflect  +   (helmet restricted)
rElec   .          Harm     .   (no cloak)
rCorr   .          Rampage  .   (no gloves)
Will    .....                   (no boots)
Stlth   ++........              f - amulet of reflection
HPRegen 0.12/turn               e - ring of wizardry
MPRegen 0.12/turn               k - ring of see invisible

@: no status effects
A: AC +5, unfitting armour, cold-blooded
a: no special abilities


You were on level 3 of the Dungeon.
You visited 1 branch of the dungeon, and saw 3 of its levels.

You collected 112 gold pieces.

Inventory:

Hand Weapons
 p - a +2 dagger of flaming (weapon)
Missiles
 o - 11 poisoned darts
Jewellery
 e - a ring of wizardry (left hand)
 f - an amulet of reflection (around neck)
 k - a ring of see invisible (right hand)
Wands
 i - a wand of mindburst (10)
Scrolls
 c - a scroll of holy word {unknown}
 d - a scroll of amnesia {unknown}
 g - a scroll of fear {unknown}
 h - a scroll of torment {unknown}
 j - a scroll of brand weapon {unknown}
 l - a scroll of teleportation {unknown}
 n - a scroll of identify {unknown}
Potions
 a - 2 potions of heal wounds {unknown}
 b - a potion of curing {unknown}
 m - a potion of cancellation {unknown}


   Skills:
 - Level 1.7 Dodging
 - Level 1.7 Stealth
 + Level 4.1 Spellcasting
 + Level 5.7 Summonings


You had 6 spell levels left.
You knew the following spells:

 Your Spells              Type           Power      Damage    Failure   Level
a - Summon Small Mammal   Summ           88%        N/A       1%          1
b - Call Imp              Summ           22%        N/A       1%          2
c - Call Canine Familiar  Summ           22%        N/A       1%          3

Your spell library contained the following spells:

 Spells                   Type           Power      Damage    Failure   Level
 Summon Guardian Golem    Hex/Summ       13%        N/A       6%          3
 Summon Lightning Spire   Summ/Air       13%        N/A       19%         4


Dungeon Overview and Level Annotations

Branches:
Dungeon (3/15)

Altars:
Qazlal

Shops:
D:1 [

Annotations:
D:3 Natasha


Innate Abilities, Weirdness & Mutations

Your plain brown scales are hard. (AC +5)
You cannot fit into any form of body armour.
You are cold-blooded and may be slowed by cold attacks.


Message History

Natasha, Servant of Life and Death comes into view.
She is carrying a wand of flame (12).
The orc priest invokes the aid of Beogh against you.
Beogh smites you!
Casting: Call Canine Familiar (safe; 1% risk of failure)
Press: ? - help, Q - select action, (/) - cycle Dir - look around, f - activate The orc priest looks braver for a moment.
The orc completely misses you. The goblin barely misses your hound.
Your hound bites the orc.
The orc dies!
Your hound bites the goblin.
The goblin dies!
Your Spellcasting skill increases to level 4!
You open the door.
Your hound bites the orc priest.
The orc priest mumbles some strange prayers to Beogh against you.
Your hound writhes in agony.
Your hound bites the orc priest.
The orc priest misses your hound.
Natasha zaps a wand.
The puff of flame hits your hound!
Your hound barely misses Natasha.
There is an open door here.
Your hound bites the orc priest.
A ball python comes into view.
The ball python hisses angrily.
Your hound barely misses the orc priest.
Something closely misses your hound.
Your hound bites the orc priest but does no damage.
You hit the ball python. You burn the ball python.
The ball python is severely wounded.
Your hound closely misses the orc priest.
The orc priest mumbles some strange prayers to Beogh against you.
Beogh smites you!
* * * LOW HITPOINT WARNING * * *
The ball python misses you. x2
You hit the ball python. You burn the ball python.
You kill the ball python!
Your hound bites the orc priest.
The orc priest dies!
Your hound barely misses Natasha.
Natasha zaps a wand.
The puff of flame hits you!
You die...

###.## #.###...### .....#
#.#E#...#E . .....#
#.###...###.. .....#
#...#.#...... .....#
###.......... .....# #######
#.......... .....# #.h...#
#..........
.....###.....#####......####
..))h.)'...h....@.......#
h#######............##### .#
#............# .#
####.........# ##
##......†).# .......###'###
...........(.#
.............#
.>...........#


You could see Natasha and a friendly hound (summoned).

Vanquished Creatures
  Natasha (twice) (D:3)
  2 gnolls (D:3)
  2 adders
  An orc (D:3)
  A bat (D:2)
  4 endoplasms
  4 goblins
  6 hobgoblins
  3 kobolds
  3 quokkas
  4 ball pythons
  2 frilled lizards (D:2)
  2 rats
36 creatures vanquished.

Vanquished Creatures (collateral kills)
  An orc priest (D:3)
  Terence (D:3)
  A gnoll (D:3)
  2 adders
  A dart slug (D:1)
  2 orcs (D:3)
  2 endoplasms
  A giant cockroach (D:3)
  A ball python (D:2)
  2 goblins (D:3)
  A rat (D:1)
15 creatures vanquished.

Grand Total: 51 creatures vanquished

Notes
Turn   | Place    | Note
-------+----------+-------------------------------------------
     0 | D:1      | siradein the Draconian Summoner began the quest for the
                  | Orb.
     0 | D:1      | Reached XP level 1. HP: 14/14 MP: 3/3
   685 | D:1      | Reached XP level 2. HP: 14/20 MP: 5/5
   798 | D:1      | Learned a level 2 spell: Call Imp
   872 | D:1      | Found Plog's Armour Shoppe.
   939 | D:1      | You fall into a shaft and drop 1 floor!
  1101 | D:2      | Reached XP level 3. HP: 24/26 MP: 7/7
  1169 | D:2      | Learned a level 3 spell: Call Canine Familiar
  1995 | D:3      | Reached XP level 4. HP: 8/33 MP: 2/8
  2008 | D:3      | Reached skill level 5 in Summonings
  2263 | D:3      | Noticed Natasha
  2274 | D:3      | Killed Natasha
  2433 | D:3      | Noticed Terence
  2459 | D:3      | Killed Terence
  2460 | D:3      | Reached XP level 5. HP: 19/38 MP: 2/10
  2643 | D:3      | Noticed Natasha
  2650 | D:3      | Killed Natasha
  2690 | D:3      | Found a stormy altar of Qazlal.
  2692 | D:3      | Noticed a fire elemental
  2696 | D:3      | Noticed a water elemental
  2700 | D:3      | Noticed an air elemental
  2723 | D:3      | Found a faded altar of an unknown god.
  2772 | D:3      | Noticed Natasha
  2791 | D:3      | Killed from afar by Natasha

Illustrated notes

Levels and vault maps discovered:
D:1:      evilmike_arrival_rings, layout_basic, serial_shops, shop_statue,
          minmay_misc_feat_chi
D:2:      layout_rooms
D:3:      layout_basic, nicolae_qazlal_style_of_elements,
          hellmonk_ecumenical_altar_slurped_away, uniq_terence, uniq_natasha

Skill      XL: |  1  2  3  4  5 |
---------------+----------------+-----
Spellcasting   | 3 4 |  4.1
Summonings     | 5 |  5.7
Dodging        | |  1.7
Stealth        | |  1.7

Action                   |  1- 3 |  4- 6 || total
-------------------------+-------+-------++-------
Melee: Short sword       |    98 |       ||    98
       Unarmed           |     5 |       ||     5
       Tailslap          |     9 |     2 ||    11
       Great sword       |    12 |     5 ||    17
       Mace              |     4 |       ||     4
       Dagger            |       |    40 ||    40
 Cast: Summon Small Mamm |     4 |       ||     4
       Call Imp          |     7 |     5 ||    12
       Call Canine Famil |       |     4 ||     4
 Stab: Sleeping          |     2 |     2 ||     4
Armor: Skin              |    21 |     6 ||    27
Dodge: Dodged            |    86 |    25 ||   111
Block: Other             |    13 |     7 ||    20
       Reflection        |     1 |       ||     1

Table legend: (Time is in decaauts)
 A = Elapsed time spent in this place.
 B = Non-inter-level travel time spent in this place.
 C = Inter-level travel time spent in this place.
 D = Time resting spent in this place.
 E = Time spent auto-exploring this place.
 F = Levels seen in this place.
 G = Mean time per level.
                   A        B        C        D        E       F      G
               +--------+--------+--------+--------+--------+-----+--------+
         Total |   2812 |   2800 |     12 |     10 |   2263 |   3 |  937.3 |
       Dungeon |   2812 |   2800 |     12 |     10 |   2263 |   3 |  937.3 |
               +--------+--------+--------+--------+--------+-----+--------+

Top non-repeatable levels by time:
     D:2: 958 daAuts
     D:1: 942 daAuts
     D:3: 911 daAuts
